 Dungeon Crawl Stone Soup version 0.23.2-40-g277498a001 (webtiles) character file.

Game seed: 2360863679285558224

18149 Leekoo the Spear-Bearer (level 12, -7/97 HPs)
             Began as a Merfolk Abyssal Knight on Sept 28, 2019.
             Was an Elder of Lugonu.
             Mangled by a stone giant (43 damage)
             ... on level 1 of the Orcish Mines.
             The game lasted 02:46:52 (22704 turns).

Leekoo the Spear-Bearer (Merfolk Abyssal Knight)   Turns: 22704, Time: 02:46:52

Health: -7/97      AC: 10    Str: 19    XL:     12   Next: 55%
Magic:  4/19       EV: 25    Int: 20    God:    Lugonu [****..]
Gold:   610        SH:  5    Dex: 18    Spells: 8/11 levels left

rFire    + . .     SeeInvis .   Q - +5 halberd (venom)
rCold    + . .     Gourm    .   (shield currently unavailable)
rNeg     + + .     Faith    .   a - +2 robe of Eternal Vigilance {Str+3 Int+9}
rPois    .         Spirit   .   z - +1 helmet
rElec    .         Reflect  +   V - scarf {rC+ rF+}
rCorr    .         Harm     .   S - +2 pair of gloves {Dex+3}
MR       .....                  q - +0 pair of boots
Stlth    +++++.....             P - amulet "Citunem" {Reflect rN+ SH+5}
HPRegen  0.26/turn              L - ring of positive energy
MPRegen  0.16/turn              X - +4 ring of evasion

@: hasted, very quick
A: change form in water, swift swim, stealthy swim
a: Depart the Abyss, Bend Space, Banish, Corrupt, Renounce Religion


You were on level 1 of the Orcish Mines.
You worshipped Lugonu.
Lugonu was greatly pleased with you.
You were not hungry.

You visited 2 branches of the dungeon, and saw 14 of its levels.
You visited the Abyss 1 time.

You collected 1179 gold pieces.
You spent 569 gold pieces at shops.

Inventory:

Hand Weapons
 y - a +2 hunting sling of flaming
 Q - a +5 halberd of venom (weapon)
Missiles
 l - 450 stones (quivered)
 R - 22 sling bullets
Armour
 a - the +2 robe of Eternal Vigilance (worn) {Str+3 Int+9}
   (You bought it in a shop on level 10 of the Dungeon)

   It affects your strength (+3).
   It affects your intelligence (+9).
 d - a +1 ring mail of fire resistance
 g - a +2 cloak
 n - a +0 robe of magic resistance
 q - a +0 pair of boots (worn)
 r - a +1 leather armour of poison resistance
 z - a +1 helmet (worn)
 E - a cursed +0 ring mail
 S - a +2 pair of gloves of dexterity (worn)
 V - a scarf of resistance (worn)
Magical Staves
 K - an uncursed staff of conjuration {unknown}
Jewellery
 e - an uncursed ring of flight
 p - a cursed amulet of rage {unknown}
 D - an uncursed ring of protection from fire
 L - a ring of positive energy (left hand)
 P - the amulet "Citunem" (around neck) {Reflect rN+ SH+5}
   (You found it on level 9 of the Dungeon)

   [amulet of reflection]

   It shields you and reflects attacks.
   It protects you from negative energy.
   It affects your SH (+5).
 X - a +4 ring of evasion (right hand)
 Z - an uncursed ring of stealth
Wands
 o - a wand of polymorph (9)
 s - a wand of digging (7)
 C - a wand of acid (1)
Scrolls
 h - a scroll of immolation
 i - 2 scrolls of amnesia
 k - a scroll of fear {unknown}
 m - 8 scrolls of remove curse
 u - a scroll of enchant weapon
 x - 4 scrolls of teleportation
 B - a scroll of magic mapping {unknown}
 F - a scroll of vulnerability {unknown}
 I - a scroll of enchant armour
 J - 2 scrolls of fog {unknown}
 M - a scroll of torment {unknown}
 U - a scroll of brand weapon {unknown}
Potions
 b - 2 potions of lignification
 j - 2 potions of mutation
 t - a potion of curing
 v - 3 potions of cancellation
 w - 4 potions of heal wounds
 A - a potion of agility {unknown}
 G - 2 potions of might {unknown}
 H - a potion of brilliance {unknown}
 N - a potion of flight {unknown}
 O - a potion of magic {unknown}
Miscellaneous
 T - a sack of spiders
 W - a phial of floods
Comestibles
 c - 20 rations
 Y - 6 chunks of flesh


   Skills:
 + Level 9.9 Fighting
 * Level 14.6 Polearms
 - Level 0.8 Armour
 + Level 11.3 Dodging
 + Level 10.0 Stealth
 * Level 10.4 Invocations


You had 8 spell levels left.
You knew the following spells:

 Your Spells              Type           Power        Failure   Level  Hunger
a - Confuse               Hex            #.......     50%         3    ####...

Your spell library contained the following spells:

 Spells                   Type           Power        Failure   Level  Hunger
 Animate Skeleton         Necr           N/A          19%         1    ##.....
 Apportation              Tloc           #.....       19%         1    ##.....
 Beastly Appendage        Tmut           #.....       19%         1    ##.....
 Confusing Touch          Hex            #.....       19%         1    ##.....
 Corona                   Hex            #......      19%         1    ##.....
 Flame Tongue             Conj/Fire      #....        19%         1    ##.....
 Summon Small Mammal      Summ           #...         19%         1    ##.....
 Ensorcelled Hibernation  Hex/Ice        #.....       28%         2    ###....
 Sticks to Snakes         Tmut           #.......     28%         2    ###....
 Throw Flame              Conj/Fire      #.....       28%         2    ###....
 Conjure Flame            Conj/Fire      #.......     50%         3    ####...
 Dazzling Spray           Conj/Hex       #.....       50%         3    ####...
 Gell's Gravitas          Tloc           #.........   50%         3    ####...
 Inner Flame              Hex/Fire       #.......     50%         3    ####...
 Spider Form              Tmut/Pois      #.........   50%         3    ####...
 Tukima's Dance           Hex            #.......     50%         3    ####...
 Ice Form                 Ice/Tmut       #.......     88%         4    #####..
 Petrify                  Tmut/Erth      #.......     88%         4    #####..
 Sticky Flame             Conj/Fire      #.......     88%         4    #####..
 Blade Hands              Tmut           #.........   99%         5    ######.
 Fireball                 Conj/Fire      #.........   99%         5    ######.
 Metabolic Englaciation   Hex/Ice        #.........   99%         5    ######.
 Yara's Violent Unravell  Hex/Tmut       #.........   99%         5    ######.


Dungeon Overview and Level Annotations

Branches:
Dungeon (13/15)            Temple (0/1) D:7             Orc (1/2) D:12
   Lair: D:8-11      Vaults: D:13-14

Altars:
Cheibriados
Dithmenos
Fedhas
Hepliaklqana
Nemelex Xobeh
Okawaru
Qazlal
Sif Muna
Uskayaw
Yredelemnul

Shops:
D:10 **([   D:11 (

Annotations:
D:11 exclusion: manticore
D:12 Rupert


Message History

Press: ? - help, Shift-Dir - straight line, f/p - stone giant
Aim: a stone giant (chance to defeat MR: 40%)
The stone giant resists with some effort.
You are feeling hungry.
You can no longer gate yourself to the Abyss.
Press: ? - help, Shift-Dir - straight line, f/p - stone giant
Aim: a stone giant (chance to defeat MR: 40%)
The stone giant resists with some effort.
You feel somewhat more hungry.
You start resting.
Eating one of 7 chunks of flesh.
You eat one of the 7 chunks of flesh.
This raw flesh tastes terrible.
The stone giant is too close now for your liking.
Okay, then.
You feel yourself speed up. The stone giant hits you!
You completely miss the stone giant. You impale the stone giant!!
The stone giant looks as sick as possible!
The stone giant is moderately wounded.
The stone giant hits you!!!
You die...

....## ###...#.#######.....##
....#.###.......#.##.......###
.......#.....................#
.............................##
...........#............##....#
..........(.#..........##.#....
##....C..((..#........##.4.....
#..........###C......#o#.....#
#..........##@.......).)).....
.......#....................#.#
.........#....(...##.#......###
......####...##.#####....#.#
....## #....### #........# ####
#....# ###...#.## ##.# ##.####
#. ###


You could see a stone giant.

Vanquished Creatures
  Snorg (D:12)
  An ogre mage (D:12)
  3 two-headed ogres
  An orc high priest (Orc:1)
  Urug (D:12)
  Nergalle (D:11)
  An unseen horror (D:12)
  An orc knight (D:12)
  3 cyclopes
  A gargoyle (D:10)
  A redback zombie (D:12)
  A hornet (D:9)
  Sigmund (D:2)
  A shadow (D:11)
  A spriggan (D:8)
  A wraith (D:11)
  A steam dragon (D:11)
  A hungry ghost (D:7)
  A warg (Orc:1)
  Edmund (D:4)
  2 water moccasins
  11 orc warriors
  4 ice beasts
  4 sky beasts
  6 phantoms
  12 ogres
  10 centaurs
  3 necrophages
  A crocodile (D:11)
  A big kobold (D:10)
  8 bullfrogs
  A wyvern skeleton (D:11)
  11 killer bees
  4 scorpions
  A howler monkey (D:9)
  2 bullfrog zombies
  10 crimson imps
  A centaur zombie (D:9)
  13 hounds
  13 orc wizards
  2 centaur skeletons
  2 jellies
  13 orc priests
  4 bullfrog skeletons
  Ijyb (D:4)
  Terence (D:3)
  3 iguanas
  9 worker ants
  A killer bee zombie (D:6)
  4 hound skeletons
  Robin (D:4)
  16 adders
  2 howler monkey skeletons
  5 shadow imps
  3 white imps (D:9)
  An ooze (D:2)
  2 adder zombies
  2 worms
  An adder skeleton (D:6)
  2 dart slugs (D:2)
  7 leopard geckos
  79 orcs
  A ball python (D:2)
  12 giant cockroaches
  13 goblins
  4 hobgoblins
  15 jackals
  2 quokkas (D:6)
  A ball python skeleton (D:4)
  6 bats
  6 frilled lizards
  9 kobolds
  A leopard gecko skeleton (D:8)
  2 quokka skeletons
  10 rats
385 creatures vanquished.

Vanquished Creatures (others)
  2 hornets (D:9)
2 creatures vanquished.

Grand Total: 387 creatures vanquished

Notes
Turn   | Place    | Note
-------+----------+-------------------------------------------
     0 | Abyss:1  | Leekoo the Merfolk Abyssal Knight began the quest for the
                  | Orb.
     0 | Abyss:1  | Reached XP level 1. HP: 18/18 MP: 2/2
    25 | D:1      | Escaped the Abyss
   151 | D:1      | Reached XP level 2. HP: 24/24 MP: 3/3
  1077 | D:2      | Reached ** piety under Lugonu
  1077 | D:2      | Reached XP level 3. HP: 20/29 MP: 4/4
  1328 | D:2      | Reached skill level 4 in Polearms
  1328 | D:2      | Reached skill level 1 in Stealth
  1393 | D:2      | Found a stormy altar of Qazlal.
  1544 | D:2      | Reached XP level 4. HP: 34/37 MP: 5/5
  1620 | D:2      | You fall through a shaft for 2 floors!
  1693 | D:4      | Noticed a phantom
  1784 | D:3      | Found a basalt altar of Yredelemnul.
  1989 | D:4      | Reached XP level 5. HP: 31/42 MP: 7/7
  2116 | D:5      | Entered Level 5 of the Dungeon
  2130 | D:4      | Noticed Ijyb
  2130 | D:4      | Noticed Edmund
  2164 | D:4      | Noticed a phantom
  2395 | D:4      | Noticed Robin
  2666 | D:3      | Reached skill level 5 in Polearms
  2940 | D:3      | Noticed Terence
  2957 | D:3      | Killed Terence
  3035 | D:2      | Noticed Sigmund
  3219 | D:3      | Found a snail-covered altar of Cheibriados.
  3260 | D:2      | Reached XP level 6. HP: 32/48 MP: 8/8
  4006 | D:3      | Found an iron altar of Okawaru.
  4430 | D:5      | Learned a level 3 spell: Confuse
  4523 | D:5      | Noticed a sky beast
  4613 | D:4      | Reached skill level 6 in Polearms
  4658 | D:4      | Killed Ijyb
  5258 | D:2      | Killed Sigmund
  5258 | D:2      | Reached XP level 7. HP: 22/55 MP: 9/9
  5574 | D:4      | Reached skill level 7 in Polearms
  5574 | D:4      | Reached skill level 5 in Dodging
  5951 | D:4      | Killed Edmund
  5951 | D:4      | Reached skill level 5 in Fighting
  6223 | D:4      | Killed Robin
  6225 | D:4      | Reached XP level 8. HP: 62/62 MP: 11/11
  6359 | D:5      | Reached *** piety under Lugonu
  6501 | D:6      | Reached skill level 8 in Polearms
  6791 | D:5      | Found a hazy altar of Hepliaklqana.
  8094 | D:5      | Reached skill level 9 in Polearms
  8094 | D:5      | Reached skill level 5 in Invocations
  8906 | D:6      | Reached skill level 5 in Stealth
  8906 | D:6      | Reached XP level 9. HP: 68/69 MP: 12/12
  9937 | D:6      | Reached skill level 10 in Polearms
 10658 | D:7      | Found a staircase to the Ecumenical Temple.
 10880 | D:7      | Found a hide-covered altar of Uskayaw.
 11843 | D:7      | Found a deep blue altar of Sif Muna.
 12331 | D:8      | Reached skill level 11 in Polearms
 12751 | D:8      | Found a blossoming altar of Fedhas.
 12909 | D:8      | Reached **** piety under Lugonu
 13132 | D:8      | Reached XP level 10. HP: 77/77 MP: 14/14
 13206 | D:8      | Found a sparkling altar of Nemelex Xobeh.
 13746 | D:9      | Paralysed by a hornet for 3 turns
 14039 | D:8      | Noticed a two-headed ogre
 14204 | D:9      | Reached skill level 12 in Polearms
 14403 | D:9      | Paralysed by a hornet for 2 turns
 14814 | D:9      | Got a scorched garnet amulet
 15171 | D:10     | Entered Level 10 of the Dungeon
 15180 | D:9      | Identified the amulet "Citunem" {Reflect rN+ SH+5} (You
                  | found it on level 9 of the Dungeon)
 16541 | D:10     | Found Fudd's Antique Weapon Emporium.
 16544 | D:10     | Bought a runed halberd for 189 gold pieces
 16627 | D:10     | Found Zeotuurgh's Assorted Antiques.
 16634 | D:10     | Bought a heavily jewelled robe for 165 gold pieces
 16644 | D:10     | Identified the +2 robe of Eternal Vigilance {Str+3 Int+9}
                  | (You bought it in a shop on level 10 of the Dungeon)
 16961 | D:10     | Found Hamuegh's General Store.
 17372 | D:10     | Found Pyusann's Armour Boutique.
 17377 | D:10     | Bought a +2 pair of gloves of dexterity for 215 gold pieces
 17590 | D:10     | Noticed a gargoyle
 17601 | D:10     | Killed a gargoyle
 17601 | D:10     | Reached XP level 11. HP: 72/87 MP: 16/16
 17962 | D:8      | Killed a two-headed ogre
 18323 | D:11     | Found Toub Emu's Weapon Emporium.
 18441 | D:11     | Noticed a cyclops
 18490 | D:11     | Reached skill level 10 in Dodging
 18598 | D:11     | Killed a cyclops
 18839 | D:12     | Killed an unseen horror
 19172 | D:12     | Noticed Nergalle
 19182 | D:11     | Reached skill level 13 in Polearms
 19261 | D:11     | Killed Nergalle
 19534 | D:11     | Noticed a manticore
 19719 | D:11     | Found a shadowy altar of Dithmenos.
 19818 | D:12     | Found a staircase to the Orcish Mines.
 19921 | D:12     | Found a sparkling altar of Nemelex Xobeh.
 20232 | D:12     | Noticed a cyclops
 20234 | D:12     | Killed a cyclops
 20240 | D:12     | Noticed Urug
 20248 | D:12     | Killed Urug
 20319 | D:12     | Noticed a cyclops
 20322 | D:12     | Killed a cyclops
 20334 | D:12     | Noticed Snorg
 20358 | D:12     | Killed Snorg
 20358 | D:12     | Reached XP level 12. HP: 33/95 MP: 19/19
 20775 | D:12     | Noticed Rupert
 21313 | Orc:1    | Entered Level 1 of the Orcish Mines
 21374 | D:12     | Reached skill level 14 in Polearms
 21804 | Orc:1    | Noticed an ogre mage
 21805 | Orc:1    | Noticed a two-headed ogre
 21834 | Orc:1    | Paralysed by an ogre mage for 4 turns
 21838 | Orc:1    | Noticed a two-headed ogre
 21846 | D:12     | Killed an ogre mage
 21846 | D:12     | Reached skill level 10 in Invocations
 21859 | D:12     | Reached ***** piety under Lugonu
 21865 | D:12     | Killed a two-headed ogre
 21899 | Orc:1    | Killed a two-headed ogre
 22157 | Orc:1    | Noticed an orc high priest
 22176 | Orc:1    | Noticed a sun demon
 22430 | Orc:1    | Killed an orc high priest
 22430 | Orc:1    | Reached skill level 10 in Stealth
 22671 | Orc:1    | Noticed a stone giant
 22704 | Orc:1    | Mangled by a stone giant

Skill      XL: |  1  2  3  4  5  6  7  8  9 10 11 12 |
---------------+-------------------------------------+-----
Dodging        | 3 4 5 6 7 9 10 11 | 11.3
Polearms       | 4 5 6 7 9 11 12 13 14 | 14.6
Stealth        | 1 2 3 5 6 8 9 10 | 10.0
Invocations    | 3 4 5 6 7 9 10 | 10.4
Fighting       | 4 5 6 8 9 |  9.9
Armour         | |  0.8

Action                   |  1- 3 |  4- 6 |  7- 9 | 10-12 || total
-------------------------+-------+-------+-------+-------++-------
Melee: Spear             |   163 |   319 |  1035 |   507 ||  2024
       Halberd           |       |       |       |   468 ||   468
Throw: Stone             |     4 |    20 |    49 |    20 ||    93
Invok: Bend Space        |       |     5 |     1 |     2 ||     8
       Banish            |       |       |       |     9 ||     9
Evoke: Wand              |       |       |       |     6 ||     6
  Use: Scroll            |     2 |     2 |     5 |     5 ||    14
       Potion            |       |       |       |     3 ||     3
 Stab: Sleeping          |     1 |     3 |    11 |    23 ||    38
       Distracted        |     1 |     1 |       |     2 ||     4
  Eat: Chunk             |     2 |    10 |    20 |    20 ||    52
       Ration            |       |     1 |     3 |     4 ||     8
Armor: Leather armour    |    28 |    10 |   146 |    62 ||   246
       Robe              |       |    43 |       |    44 ||    87
Dodge: Dodged            |    75 |   180 |   346 |   392 ||   993
Block: Other             |       |     3 |    56 |    98 ||   157
       Reflection        |       |       |     1 |     6 ||     7
